 Dungeon Crawl Stone Soup version 0.19-a0-1384-gbb462ca (webtiles) character file.

156 wazuzu the Twirler (level 5, -1/42 HPs)
             Began as a Minotaur Gladiator on Sept 3, 2016.
             Slain by an orc wizard
             ... wielding a +0 dagger
              (2 damage)
             ... on level 4 of the Dungeon.
             The game lasted 00:05:00 (2309 turns).

wazuzu the Twirler (Minotaur Gladiator)             Turns: 2309, Time: 00:05:01

Health: -1/42      AC:  4    Str: 20    XL:     5   Next: 15%
Magic:  4/4        EV: 13    Int:  5    God:
Gold:   190        SH:  0    Dex: 13    Spells: 0 memorised, 4 levels left

rFire  . . .     SeeInvis +     a - +0 quarterstaff
rCold  . . .     Gourm    +     b - +0 leather armour
rNeg   . . .     Faith    .     (shield currently unavailable)
rPois  .         Spirit   .     c - +0 hat
rElec  .         Dismiss  .     v - +0 cloak
rCorr  .         Reflect  .     (no gloves)
MR     .....     Harm     .     (no boots)
Stlth  +.........               w - amulet of the gourmand
                                k - +2 ring of dexterity
                                e - ring of see invisible

@: no status effects
A: retaliatory headbutt, horns 2
a: no special abilities


You were on level 4 of the Dungeon.
You were full.

You visited 1 branch of the dungeon, and saw 4 of its levels.

You collected 190 gold pieces.

Inventory:

Hand Weapons
 a - a +0 quarterstaff (weapon)
Armour
 b - a +0 leather armour (worn)
 c - a +0 hat (worn)
 v - a +0 cloak (worn)
Jewellery
 e - a ring of see invisible (left hand)
 k - a +2 ring of dexterity (right hand)
 w - an amulet of the gourmand (around neck)
 x - an uncursed amulet of rage {unknown}
Scrolls
 i - 5 scrolls of teleportation {unknown}
 l - 5 scrolls of identify {unknown}
 n - a scroll of immolation {unknown}
 s - a scroll of fog {unknown}
 t - a scroll of blinking {unknown}
Potions
 d - a potion of brilliance {unknown}
 h - 3 potions of lignification {unknown}
 j - 2 potions of curing {unknown}
 m - a potion of flight {unknown}
 o - a potion of resistance {unknown}
 q - a potion of might {unknown}
 r - a potion of heal wounds {unknown}
 u - a potion of beneficial mutation {unknown}
Comestibles
 f - 4 bread rations
 g - 2 fruits
 p - a beef jerky


   Skills:
 - Level 2.4 Fighting
 + Level 7.1 Staves
 - Level 2.0 Throwing
 - Level 3.2 Dodging


You had 4 spell levels left.
You didn't know any spells.

Dungeon Overview and Level Annotations

Branches:
Dungeon (4/15)
 Temple: D:4-7

Altars:


Innate Abilities, Weirdness & Mutations

You reflexively headbutt those who attack you in melee.
You have a pair of horns on your head.


Message History

You closely miss the orc wizard. The orc wizard casts a spell at you.
The magic dart hits you!
* * * LOW HITPOINT WARNING * * *
The orc hits you but does no damage.
You sock the orc wizard! You headbutt the orc wizard.
You kill the orc wizard!
Your Staves skill increases to level 7!
You have reached level 5!
The orc hits you but does no damage.
You hit the orc. You headbutt the orc, but do no damage.
The orc is heavily wounded.
The orc hits you with a dagger.
* * * LOW HITPOINT WARNING * * *
You hit the orc.
You kill the orc!
You hit the orc wizard. Your headbutt misses the orc wizard.
The orc wizard is lightly wounded.
The orc wizard hits you with a dagger.
You die...

##..... .
#####.....
#..#........#
#...........##
##.##........#
....#..<....
.......)))#
........@#
........o#
.......<##
..........#
...#.........
..
###........#
##.......#
##.......
#......


You could see an orc wizard.

Vanquished Creatures
  An orc priest (D:4)
  An orc wizard (D:4)
  4 adders
  A gnoll (D:2)
  2 worms
  3 giant geckos
  4 orcs
  3 bats
  2 giant cockroaches
  5 goblins
  5 hobgoblins
  4 kobolds
  A quokka (D:3)
  5 giant newts
  3 rats
  A plant (D:2)
45 creatures vanquished.

Notes
Turn   | Place    | Note
-------+----------+-------------------------------------------
     0 | D:1      | wazuzu the Minotaur Gladiator began the quest for the Orb.
     0 | D:1      | Reached XP level 1. HP: 18/18 MP: 0/0
    54 | D:1      | Reached skill level 4 in Staves
    91 | D:1      | Reached XP level 2. HP: 18/25 MP: 1/1
   714 | D:2      | Reached skill level 5 in Staves
   715 | D:2      | Reached XP level 3. HP: 22/30 MP: 2/2
  1336 | D:2      | You fall through a shaft!
  1867 | D:3      | Reached skill level 6 in Staves
  1867 | D:3      | Reached XP level 4. HP: 36/37 MP: 3/3
  2306 | D:4      | Reached skill level 7 in Staves
  2306 | D:4      | Reached XP level 5. HP: 2/42 MP: 4/4
  2307 | D:4      | HP: 1/42 [orc/dagger (2)]
  2309 | D:4      | Slain by an orc wizard

Vault maps used:
D:1:      dpeg_arrival_orchard
D:2:      first_bread, serial_forest, infiniplex_forest_corner_1,
          infiniplex_forest_clump_medium, infiniplex_forest_lined_2,
          infiniplex_forest_clump_small, infiniplex_forest_straight_4,
          minmay_tromino_i4
D:4:      eat_drink_and_be_merry_uskayaw, serial_shops, shop_statue,
          grunt_ministairs_10

Skill      XL: |  1  2  3  4 |
---------------+-------------+-----
Staves         | 4 5 6 7 |  7.1
Fighting       | |  2.4
Throwing       | |  2.0
Dodging        | |  3.2

Action                   |  1- 3 |  4- 6 || total
-------------------------+-------+-------++-------
Melee: Quarterstaff      |    79 |    33 ||   112
       Headbutt          |    17 |     5 ||    22
  Eat: Chunk             |     5 |     7 ||    12
Armor: Leather armour    |    17 |     6 ||    23
Dodge: Dodged            |    46 |    20 ||    66
